 Dungeon Crawl Stone Soup version 0.17-a0-1360-g37db002 (webtiles) character file.

214 ololoev the Cudgeler (level 5, 0/48 HPs)
             Began as an Ogre Arcane Marksman on June 11, 2015.
             Was an Initiate of Gozag.
             Killed from afar by an orc wizard (10 damage)
             ... with a puff of flame
             ... on level 4 of the Dungeon.
             The game lasted 00:12:04 (3902 turns).

ololoev the Cudgeler (Ogre Arcane Marksman)         Turns: 3902, Time: 00:12:04

Health: 0/48       AC:  9    Str: 17    XL:     5   Next: 91%
Magic:  6/6        EV: 10    Int: 12    God:    Gozag
Gold:   139        SH:  0    Dex:  9    Spells: 2 memorised, 0 levels left

rFire  . . .     SeeInvis .     m - +1 mace (protect)
rCold  . . .     Clarity  +     c - +1 robe
rNeg   . . .     SustAt   .     (no shield)
rPois  .         Gourm    .     (helmet restricted)
rElec  .         Spirit   .     (no cloak)
rCorr  .         Warding  .     (gloves unavailable)
rMut   .         Stasis   .     (boots unavailable)
MR     .....                    f - amulet of clarity
Stlth  +.........               (no ring)
                                (no ring)

@: not resistant to hostile enchantments, very unstealthy
A: unfitting armour, tough skin 1
a: Potion Petition, Call Merchant, Bribe Branch, Renounce Religion


Innate Abilities, Weirdness & Mutations

You are too large for most types of armour.
You have tough skin (AC +1).

Inventory:

Hand weapons
 m - a +1 mace of protection (weapon)
 p - a +0 morningstar
Missiles
 a - 4 large rocks (quivered)
 b - 2 throwing nets
Armour
 c - a +1 robe (worn)
Jewellery
 f - an amulet of clarity (around neck)
Scrolls
 i - a scroll of fear
 q - a scroll of enchant armour
 r - a scroll of magic mapping
 t - 3 scrolls of remove curse
Potions
 g - a potion of flight {unknown}
 h - 3 potions of curing
 j - a potion of agility
 l - a potion of might
 n - a potion of haste {unknown}
 s - a potion of resistance
 u - a potion of ambrosia {unknown}
 v - a potion of beneficial mutation {unknown}
Books
 d - a book of Debilitation

   Spells                             Type                      Level
   a - Corona                         Hexes                        1
   b - Slow                           Hexes                        2
   c - Gell's Gravitas                Hexes/Translocation          3
   d - Inner Flame                    Hexes/Fire                   3
   e - Cause Fear                     Hexes                        4
   f - Leda's Liquefaction            Hexes/Earth                  4
Comestibles
 e - 5 bread rations
 k - a beef jerky
 o - 3 fruits


   Skills:
 - Level 1.3 Fighting
 * Level 4.3 Maces & Flails
 + Level 4.2 Throwing
 - Level 1.7 Dodging
 - Level 1.2 Spellcasting
 - Level 3.0 Hexes


You couldn't memorise any spells.
You knew the following spells:

 Your Spells              Type           Power        Failure   Level  Hunger
a - Slow                  Hex            #.......     14%         2    ###....
b - Cause Fear            Hex            #.........   87%         4    #####..


You were on level 4 of the Dungeon.
You worshipped Gozag.
Gozag was noncommittal.
You were hungry.

You visited 1 branch of the dungeon, and saw 4 of its levels.

You collected 139 gold pieces.

####### .......
!...... .......
.......
......$#######
......o{@....#
.......#####.##
######.
#....### ##
#......#
.#....#.#
#........#
########.######
.............#
############>#

Notes
Turn   | Place    | Note
--------------------------------------------------------------
     0 | D:1      | ololoev the Ogre Arcane Marksman began the quest for the Orb.
     0 | D:1      | Reached XP level 1. HP: 19/19 MP: 2/2
   484 | D:1      | Reached skill level 1 in Maces & Flails
   484 | D:1      | Reached XP level 2. HP: 27/27 MP: 3/3
   488 | D:1      | Learned a level 2 spell: Slow
   638 | D:1      | Found a shimmering altar of Xom.
   688 | D:1      | Reached XP level 3. HP: 33/33 MP: 4/4
  1039 | D:2      | Reached skill level 3 in Throwing
  1327 | D:2      | Reached XP level 4. HP: 39/41 MP: 5/5
  1729 | D:2      | Found a bloodstained altar of Trog.
  2703 | D:3      | Reached XP level 5. HP: 39/48 MP: 4/6
  2881 | D:3      | Found a sparkling altar of Nemelex Xobeh.
  2881 | D:3      | Found an opulent altar of Gozag.
  2992 | D:3      | Learned a level 4 spell: Cause Fear
  3001 | D:3      | Noticed Jessica
  3145 | D:3      | Found a white marble altar of Elyvilon.
  3145 | D:3      | Found a glowing golden altar of the Shining One.
  3146 | D:3      | Found a glowing silver altar of Zin.
  3244 | D:3      | Reached skill level 4 in Throwing
  3472 | D:3      | Found a faded altar to an unknown god.
  3495 | D:3      | Became a worshipper of Gozag Ym Sagoz the Greedy
  3688 | D:3      | Killed Jessica
  3800 | D:3      | Found a deep blue altar of Sif Muna.
  3902 | D:4      | Killed from afar by an orc wizard

Dungeon Overview and Level Annotations

Branches:
Dungeon (4/15)
 Temple: D:4-7

Altars:
Elyvilon
Gozag
Nemelex Xobeh
Sif Muna
Trog
Xom
Zin
The Shining One


Message History

You are too injured to fight recklessly!
You are too injured to fight recklessly!
You hit the kobold.
The kobold is almost dead.
The kobold hits you but does no damage.
You barely miss the kobold.
The kobold is almost dead.
The kobold hits you but does no damage. x2
You closely miss the kobold.
The kobold is almost dead.
The kobold hits you but does no damage.
You closely miss the kobold.
The kobold is almost dead.
The kobold closely misses you.
You hit the kobold.
You kill the kobold!
You hear some strange, mumbled words.
Something tries to affect you, but you resist.
Something completely misses you.
You see here 3 gold pieces.
You sock something! Something hits you but does no damage.
You hit something but do no damage.
You hear some strange, mumbled words.
You feel momentarily confused.
You miss something. Something hits you but does no damage.
You barely miss something. Something hits you.
You barely miss something. Something hits you. Something hits you.
You closely miss something. Something hits you.
You hit something. Something hits you.
You barely miss something. Something hits you.
You hit something.
You hear some strange, mumbled words.
A magic dart appears from out of thin air!
The magic dart hits you!
You hit something but do no damage.
You hear some strange, mumbled words.
A puff of flame appears from out of thin air!
The puff of flame hits you!
You die...
Your body crumbles into a pile of gold.

You could see an orc.

Vanquished Creatures
  Jessica (D:3)
  A hound skeleton (D:4)
  3 gnolls
  4 adders
  4 oozes
  5 worms
  2 giant geckos
  7 orcs
  3 ball pythons
  11 bats
  9 goblins
  4 hobgoblins
  7 kobolds
  A quokka (D:2)
  8 giant newts
  A quokka skeleton (D:3)
  8 rats
79 creatures vanquished.

Action                   |  1- 3 |  4- 6 || total
-------------------------+-------+-------++-------
Melee: Club              |    31 |       ||    31
       Unarmed           |     9 |       ||     9
       Mace              |    78 |   180 ||   258
Throw: Large rock        |     1 |       ||     1
 Cast: Slow              |     2 |     5 ||     7
       Corona            |     1 |       ||     1
  Use: Scroll            |       |    14 ||    14
 Stab: Sleeping          |       |     1 ||     1
  Eat: Chunk             |     2 |     8 ||    10

Vault maps used:
D:1:      dpeg_arrival_boxes_within_box, xom_teletrap_fun
D:2:      trog_butcher_becter
D:3:      good_gods_temple_1, grunt_temple_overflow_opulence,
          ecumenical_altar_2, first_bread, tgw_sif
